AoeStats
← Charles Caballero

Oasis

507184467Analyzed
3v3 RM · 16d ago on Sep 17, 2026· 57m 20s· 6 players
Game mode
Random Map
Map size
Normal (6 player)
Population
200
Speed
Normal
Resources
Standard
Victory
Conquest
Starting age
Dark Age
Ending age
Imperial Age
RankedLock teamsTeams togetherTeam positionsShared explorationLock speedFull tech treeHidden civsTurbo modeCheats
Victory
Defeat
🇨🇴 Celts · Colombia
1035
+12
🇲🇽 Franks · Mexico
926
+17
🇨🇴 Georgians · Colombia
889
+18
🇺🇸 Malians · United States
1128
-23
🇺🇸 Italians · United States
871
-13
🇺🇸 Dravidians · United States
838
-11
Xasha
5:08 Loom
10:45 Feudal Age
11:46 Horse Collar
12:09 Double-Bit Axe
19:08 Castle Age
19:50 Fletching
22:05 Bodkin Arrow
23:59 Padded Archer Armor
25:38 Gold Mining
25:59 Bow Saw
28:15 Leather Archer Armor
38:23 Imperial Age
40:12 Wheelbarrow
39:22 Town Watch
40:45 Forging
40:35 Scale Mail Armor
42:17 Chemistry
44:42 Hand Cart
45:35 Elite Gbeto
47:47 Town Patrol
49:23 Iron Casting
51:53 Pikeman
52:57 Pikeman
53:37 Squires
PapaShammy
15:40 Feudal Age
15:48 Feudal Age
16:36 Double-Bit Axe
17:34 Wheelbarrow
18:21 Bloodlines
23:09 Forging
25:07 Castle Age
25:31 Town Watch
25:42 Gold Mining
27:18 Bow Saw
28:02 Iron Casting
27:18 Fletching
27:31 Padded Archer Armor
27:57 Husbandry
28:00 Squires
27:21 Pikeman
31:25 Scale Barding Armor
31:16 Bodkin Arrow
32:12 Hand Cart
31:58 Town Patrol
38:14 Light Cavalry
43:46 Imperial Age
51:38 Leather Archer Armor
51:23 Bracer
52:24 Blast Furnace
51:48 Chain Barding Armor
53:09 Scale Mail Armor
53:40 Ring Archer Armor
54:23 Cavalier
BPEEPEE22
12:34 Feudal Age
13:35 Double-Bit Axe
15:36 Loom
18:00 Castle Age
19:10 Squires
18:32 Pikeman
26:26 Bow Saw
29:14 Forging
48:02 Coinage
Poten
7:31 Loom
10:11 Feudal Age
11:00 Double-Bit Axe
15:48 Scale Barding Armor
17:57 Forging
22:42 Castle Age
21:02 Fletching
21:52 Gold Mining
23:22 Bodkin Arrow
25:18 Wheelbarrow
25:26 Town Watch
26:32 Iron Casting
28:17 Padded Archer Armor
29:48 Town Watch
30:28 Chain Barding Armor
31:05 Ballistics
31:50 Husbandry
32:48 Leather Archer Armor
37:32 Hand Cart
39:57 Imperial Age
37:34 Murder Holes
40:35 Cavalier
41:55 Plate Barding Armor
41:52 Caravan
43:33 Blast Furnace
42:01 Paladin
44:44 Conscription
46:43 Hoardings
54:28 Chivalry
57:06 Spies/Treason
Charles Caballero
5:21 Loom
12:37 Feudal Age
13:37 Double-Bit Axe
16:59 Town Watch
17:07 Horse Collar
18:23 Gold Mining
18:18 Man-at-Arms
20:06 Wheelbarrow
23:03 Castle Age
21:20 Stone Mining
21:49 Scale Mail Armor
23:26 Long Swordsman
24:28 Forging
24:52 Heavy Plow
24:51 Gambesons
26:11 Bow Saw
27:36 Chain Mail Armor
27:13 Fletching
27:24 Padded Archer Armor
29:38 Elite Skirmisher
31:26 Iron Casting
36:19 Imperial Age
38:22 Capped Ram
39:56 Bodkin Arrow
40:16 Leather Archer Armor
40:00 Two-Handed Swordsman
43:50 Scale Barding Armor
45:51 Elite Monaspa
48:40 Crop Rotation
49:00 Conscription
52:11 Caravan
53:06 Chain Barding Armor
54:13 Ballistics
54:54 Chemistry
Captain10
10:03 Loom
12:04 Feudal Age
13:00 Double-Bit Axe
14:14 Horse Collar
14:57 Man-at-Arms
21:43 Castle Age
22:27 Forging
28:46 Scale Mail Armor
29:45 Elite Skirmisher
32:44 Stone Mining
33:15 Long Swordsman
36:06 Wheelbarrow
38:49 Town Watch
44:07 Imperial Age
41:56 Hand Cart
42:53 Ballistics
42:45 Masonry
44:36 Onager
45:43 Hand Cart
46:04 Conscription
Connection lost

Rejoining the realm…

Still unreachable

The connection could not be restored.

Session expired

The server has moved on; the page needs a fresh start.